 Dungeon Crawl Stone Soup version 0.18.1-8-gdd0e5ea (console) character file.

69205 Kloppie the Bludgeoner (level 14, -17/136 HPs)
             Began as a Minotaur Berserker on June 11, 2016.
             Was a High Priest of Trog.
             Demolished by Agnes
             ... wielding a +2 lajatang of speed
              (27 damage)
             ... on level 1 of the Snake Pit.
             The game lasted 00:40:02 (19334 turns).

Kloppie the Bludgeoner (Minotaur Berserker)        Turns: 19334, Time: 00:40:02

Health: -17/136    AC: 30    Str: 18    XL:     14   Next: 89%
Magic:  13/13      EV:  9    Int:  4    God:    Trog [*****.]
Gold:   1337       SH:  0    Dex: 15    Spells: 0 memorised, 13 levels left

rFire  + . .     SeeInvis .     a - +2 great mace {vamp, +Blink rElec rC+}
rCold  + + +     Gourm    .     o - +2 chain mail {rPois}
rNeg   . . .     Faith    +     (shield currently unavailable)
rPois  +         Spirit   .     P - +1 hat
rElec  +         Dismiss  .     S - +2 cloak {MR+}
rCorr  .         Reflect  .     l - +2 pair of gloves
SustAt .         Harm     .     G - +3 pair of boots of the Moon {rElec rF+ rC+++ Str-4}
MR     +++..                    v - amulet of faith
Stlth  ..........               u - +2 ring of protection
                                e - ring of protection from magic

@: exhausted, slowed, very slow, extremely resistant to hostile enchantments,
extremely unstealthy
A: retaliatory headbutt, horns 2
a: Berserk, Trog's Hand, Brothers in Arms, Burn Spellbooks, Renounce Religion,
Evoke Blink


You were on level 1 of the Snake Pit.
You worshipped Trog.
Trog was extremely pleased with you.
You were not hungry.

You visited 4 branches of the dungeon, and saw 21 of its levels.
You also visited: Ossuary and Ice Cave.

You collected 2600 gold pieces.
You spent 1263 gold pieces at shops.

Inventory:

Hand Weapons
 a - the +2 great mace of Imbalance (weapon) {vamp, +Blink rElec rC+}
   (You acquired it on level 11 of the Dungeon)

   It inflicts no extra harm, but heals its wielder somewhat when it strikes a
   living foe.
   It protects you from cold.
   It insulates you from electricity.
   It lets you blink.
 t - the +7 great mace "Undeadhunter" {disrupt, rN+}
   (Trog gifted it to you on level 11 of the Dungeon)

   It protects you from negative energy.
 Q - a +4 antimagic great mace
Armour
 g - a +0 shield of reflection
 l - a +2 pair of gloves (worn)
 o - a +2 chain mail of poison resistance (worn)
 G - the +3 pair of boots of the Moon (worn) {rElec rF+ rC+++ Str-4}
   (You found it on level 7 of the Dungeon)

   It affects your strength (-4).
   It protects you from fire.
   It renders you almost immune to cold.
   It insulates you from electricity.
 P - a +1 hat (worn)
 S - a +2 cloak of magic resistance (worn)
Jewellery
 e - a ring of protection from magic (left hand)
 u - a +2 ring of protection (right hand)
 v - an amulet of faith (around neck)
 O - an uncursed ring of fire
Wands
 D - a wand of teleportation (4/9)
Scrolls
 i - 7 scrolls of teleportation
 m - 4 scrolls of enchant armour
 n - 7 scrolls of recharging
 w - a scroll of fog
 B - 4 scrolls of enchant weapon
 I - 3 scrolls of magic mapping
 M - a scroll of acquirement
 R - 2 scrolls of remove curse
 U - a scroll of fear
 Y - 3 scrolls of summoning
Potions
 d - 6 potions of curing
 j - a potion of haste
 k - 5 potions of heal wounds
 p - 5 potions of flight
 q - 2 potions of might
 z - a potion of ambrosia
 C - 5 potions of agility
 F - a potion of cancellation
 J - 2 potions of cure mutation
 X - a potion of invisibility {unknown}
Comestibles
 c - 6 bread rations
 h - 5 meat rations
 r - 9 beef jerkies
 A - 2 slices of pizza


   Skills:
 + Level 15.9 Fighting
 - Level 20.1 Maces & Flails
 + Level 15.3 Armour
 + Level 3.1 Dodging
 - Level 4.0 Shields


You had 13 spell levels left.
You didn't know any spells.

Dungeon Overview and Level Annotations

Branches:
Dungeon (11/15)            Temple (0/1) D:5            Lair (7/8) D:11
 Shoals (0/4) Lair:5        Snake (1/4) Lair:3          Orc (2/2) D:9
    Elf (0/3) Orc:2
  Slime: Lair:6-8

Altars:
Dithmenos
Kikubaaqudgha
Makhleb
Okawaru
Ru
Sif Muna
Xom
Zin
Beogh

Shops:
D:7 (   Orc:2 *[[[[   Snake:1 [%

Annotations:
Snake:1 Agnes


Innate Abilities, Weirdness & Mutations

You reflexively headbutt those who attack you in melee.
You have a pair of horns on your head.


Message History

Agnes completely misses you. You furiously retaliate!
You headbutt Agnes.
Agnes shouts, "I will kick you around like a rattan ball!"
Agnes hits you but does no damage.
You hit Agnes. Your headbutt misses Agnes.
Agnes is moderately wounded.
Agnes hits you with a lajatang of speed.
* * * LOW HITPOINT WARNING * * *
Agnes hits you with a lajatang of speed.
* * * LOW HITPOINT WARNING * * *
You miss Agnes.
Agnes is moderately wounded.
Agnes hits you with a lajatang of speed!!
* * * LOW HITPOINT WARNING * * *
Agnes barely misses you.
You miss Agnes.
Agnes is moderately wounded.
Agnes hits you with a lajatang of speed!
* * * LOW HITPOINT WARNING * * *
Agnes hits you with a lajatang of speed!!
You die...

... #.....##..... #.#
########.....
#######'###########.....
#....>..##.......##.....
#.......##.......####'##
#....#...'........###.##
#.......##.............#
##.#.∩.###########.....#
#....@# ##.....
#..#.i....... #....#
#........>... #....#
#............ #....#
+............ #....#
#............ #....#
#............ #....#
#/........... #....


You could see Agnes.

Vanquished Creatures
  Rupert (Lair:4)
  Gastronok (D:9)
  The ghost of Kloppie the Warrior, a journeyman MiBe of Trog (Snake:1)
  Donald (Orc:2)
  An orc warlord (Orc:1)
  Snorg (Orc:2)
  Harold (Orc:1)
  2 ice dragons (IceCv)
  An anaconda (Snake:1)
  6 hydras
  7 death yaks
  Urug (Lair:4)
  The ghost of Leafly the Ducker, a novice DsFi of Okawaru (D:8)
  An unseen horror (D:10)
  3 hill giants
  An orc knight (Orc:2)
  2 griffons
  3 elephants (Lair:6)
  2 ugly things
  3 cyclopes
  Maurice (Orc:1)
  2 naga magi (Snake:1)
  2 ice statues (IceCv)
  5 black mambas
  13 spiny frogs
  3 rime drakes
  5 komodo dragons
  A two-headed ogre (D:10)
  3 trolls
  7 blink frogs (Lair:5)
  2 boulder beetles
  3 slime creatures (D:10)
  A snapping turtle (Lair:5)
  Sigmund (D:3)
  51 yaks
  3 wyverns
  11 hippogriffs
  3 basilisks
  2 wraiths (D:11)
  2 hungry ghosts
  A mottled dragon (D:11)
  5 nagas
  Edmund (D:5)
  2 wargs
  9 water moccasins
  19 orc warriors
  20 porcupines
  3 sky beasts
  3 black bears
  18 ice beasts
  5 phantoms
  A necrophage (D:10)
  7 ogres
  6 centaurs (Orc:2)
  20 wolves
  20 crocodiles
  A big kobold (D:9)
  12 giant frogs
  3 jellies
  2 gnoll sergeants
  5 scorpions
  A troll zombie (D:9)
  7 wights
  3 howler monkeys
  3 electric eels (Lair:1)
  2 crimson imps
  A giant frog zombie (D:6)
  3 hounds (D:4)
  A centaur zombie (Ossuary)
  A centaur skeleton (D:11)
  2 human zombies (Ossuary)
  12 orc priests
  A gnoll shaman (D:7)
  4 giant frog skeletons
  14 orc wizards
  Crazy Yiuf (D:3)
  12 iguanas
  13 worker ants
  16 sheep
  7 ogre zombies (D:9)
  2 big kobold zombies (Ossuary)
  A hound zombie (D:9)
  2 mummies (Ossuary)
  7 adders
  14 gnolls
  29 river rats
  2 shadow imps
  2 oozes
  An adder skeleton (D:4)
  6 worms
  A dart slug (D:5)
  83 orcs
  5 giant cockroaches
  10 goblins
  6 hobgoblins
  2 jackals (D:2)
  2 quokkas
  A ball python (D:2)
  6 bats
  5 giant newts
  A goblin skeleton (D:9)
  2 goblin zombies (D:9)
  A hobgoblin skeleton (D:9)
  16 hobgoblin zombies
  2 jackal zombies (Ossuary)
  10 kobolds
  8 kobold zombies (Ossuary)
  An orc skeleton (D:9)
  25 orc zombies
  7 rats
  A rat zombie (Ossuary)
  A bush (D:3)
  2 fungi
692 creatures vanquished.

Vanquished Creatures (collateral kills)
  2 death yaks (Lair:6)
  3 orc knights (Orc:2)
  An orc sorcerer (Orc:1)
  A black mamba (Lair:6)
  2 trolls (Orc:1)
  A hippogriff (Lair:6)
  3 wargs (Orc:1)
  13 orc warriors
  4 centaurs (Orc:2)
  3 sheep (Orc:1)
  10 orcs
43 creatures vanquished.

Vanquished Creatures (others)
  2 river rats (Lair:1)
  2 fungi (Lair:7)
  7 plants
11 creatures vanquished.

Grand Total: 746 creatures vanquished

Notes
Turn   | Place    | Note
--------------------------------------------------------------
     0 | D:1      | Kloppie the Minotaur Berserker began the quest for the Orb.
     0 | D:1      | Reached XP level 1. HP: 19/19 MP: 0/0
   305 | D:1      | Reached XP level 2. HP: 27/27 MP: 1/1
   335 | D:1      | Reached skill level 4 in Maces & Flails
   754 | D:2      | Reached XP level 3. HP: 29/33 MP: 2/2
   776 | D:2      | Reached ** piety under Trog
   831 | D:2      | Found a glowing silver altar of Zin.
   866 | D:2      | Found an ancient bone altar of Kikubaaqudgha.
  1011 | D:2      | Found a faded altar to an unknown god.
  1064 | D:2      | Found a deep blue altar of Sif Muna.
  1113 | D:2      | Found a sacrificial altar of Ru.
  1274 | D:3      | Noticed Sigmund
  1281 | D:3      | Killed Sigmund
  1281 | D:3      | Reached skill level 5 in Fighting
  1281 | D:3      | Reached skill level 5 in Maces & Flails
  1281 | D:3      | Reached XP level 4. HP: 42/42 MP: 3/3
  1281 | D:3      | Reached XP level 5. HP: 48/48 MP: 4/4
  1585 | D:3      | Reached XP level 6. HP: 47/56 MP: 5/5
  1961 | D:3      | Noticed Crazy Yiuf
  1969 | D:3      | Killed Crazy Yiuf
  1969 | D:3      | Reached skill level 5 in Armour
  2171 | D:4      | Reached skill level 6 in Maces & Flails
  2338 | D:4      | Reached XP level 7. HP: 41/63 MP: 6/6
  2374 | D:4      | Reached *** piety under Trog
  2686 | D:4      | Reached skill level 7 in Maces & Flails
  2798 | D:4      | Found a burning altar of Makhleb.
  2798 | D:4      | Found an iron altar of Okawaru.
  3134 | D:4      | Reached XP level 8. HP: 73/73 MP: 7/7
  3147 | D:5      | Entered Level 5 of the Dungeon
  3147 | D:5      | Found a shimmering altar of Xom.
  3189 | D:5      | Found a staircase to the Ecumenical Temple.
  3357 | D:5      | Noticed Edmund
  3368 | D:5      | Killed Edmund
  3368 | D:5      | Reached skill level 8 in Maces & Flails
  4393 | D:6      | Received a gift from Trog
  4393 | D:6      | Reached skill level 9 in Maces & Flails
  4654 | D:7      | Reached XP level 9. HP: 74/82 MP: 8/8
  4685 | D:7      | Got a pair of slimy boots
  4691 | D:7      | Identified the +3 pair of boots of the Moon {rElec rF+ rC+++ Str-4} (You found it on level 7 of the Dungeon)
  5124 | D:7      | Reached skill level 10 in Maces & Flails
  5140 | D:7      | Found Ivaki's Antique Weapon Emporium.
  5185 | D:7      | Reached **** piety under Trog
  5329 | D:8      | Noticed a brown ugly thing
  5336 | D:8      | Killed a brown ugly thing
  5355 | D:8      | Noticed Leafly's ghost (novice DsFi)
  5401 | D:8      | Killed Leafly's ghost
  5401 | D:8      | Reached skill level 11 in Maces & Flails
  5469 | D:8      | Reached skill level 10 in Fighting
  5469 | D:8      | Reached XP level 10. HP: 64/93 MP: 9/9
  5495 | D:8      | Found a sand-covered staircase.
  5507 | Ossuary  | Entered an ossuary
  5775 | D:7      | Bought a glowing eveningstar for 285 gold pieces
  6321 | D:9      | Found a staircase to the Orcish Mines.
  6340 | D:9      | Reached skill level 10 in Armour
  6386 | D:9      | Reached skill level 12 in Maces & Flails
  6706 | D:9      | Noticed Gastronok
  6719 | D:9      | Killed Gastronok
  6752 | D:9      | Reached skill level 13 in Maces & Flails
  6844 | D:9      | Reached skill level 1 in Shields
  7089 | D:9      | Reached ***** piety under Trog
  7161 | D:9      | Found a roughly hewn altar of Beogh.
  7192 | D:9      | Reached XP level 11. HP: 102/102 MP: 10/10
  7351 | D:10     | Entered Level 10 of the Dungeon
  7771 | D:10     | Noticed a hill giant
  7780 | D:10     | Killed a hill giant
  7780 | D:10     | Reached skill level 14 in Maces & Flails
  7808 | D:10     | Killed an unseen horror
  8206 | D:11     | Noticed a hill giant
  8224 | D:11     | Killed a hill giant
  8412 | D:11     | Identified a scroll of acquirement
  8413 | D:11     | Got an encrusted great mace
  8414 | D:11     | Identified the +2 great mace of Imbalance {vamp, +Blink rElec rC+} (You acquired it on level 11 of the Dungeon)
  8481 | D:11     | Found a burning altar of Makhleb.
  8574 | D:11     | Received a gift from Trog
  8592 | D:11     | Reached skill level 15 in Maces & Flails
  8651 | D:11     | Found a staircase to the Lair.
  8990 | D:11     | Noticed a purple ugly thing
  9000 | D:11     | Killed a purple ugly thing
  9016 | D:11     | Noticed a hill giant
  9023 | D:11     | Killed a hill giant
  9023 | D:11     | Reached XP level 12. HP: 111/113 MP: 11/11
  9263 | Lair:1   | Entered Level 1 of the Lair of Beasts
  9598 | Lair:1   | Reached ****** piety under Trog
  9956 | Lair:1   | Reached skill level 16 in Maces & Flails
 10172 | Lair:2   | Received a gift from Trog
 10924 | Lair:3   | Noticed a five-headed hydra
 10933 | Lair:3   | Killed a five-headed hydra
 11037 | Lair:3   | Found a staircase to the Snake Pit.
 11577 | Lair:3   | Reached skill level 17 in Maces & Flails
 11793 | Lair:3   | Noticed a death yak
 11794 | Lair:3   | Noticed a death yak
 11794 | Lair:3   | Noticed a death yak
 11795 | Lair:3   | Noticed a death yak
 11802 | Lair:3   | Killed a death yak
 11806 | Lair:3   | Killed a death yak
 11806 | Lair:3   | Reached XP level 13. HP: 123/123 MP: 12/12
 11814 | Lair:3   | Received a gift from Trog
 12167 | Lair:4   | Noticed Urug
 12178 | Lair:4   | Killed Urug
 12543 | Lair:4   | Noticed Rupert
 12556 | Lair:4   | Killed Rupert
 12795 | Lair:4   | Found a shadowy altar of Dithmenos.
 13111 | Lair:4   | Reached skill level 18 in Maces & Flails
 13296 | Lair:5   | Received a gift from Trog
 13351 | Lair:5   | Found a frozen archway.
 13394 | IceCv    | Entered an ice cave
 14158 | Lair:5   | Found a staircase to the Shoals.
 14670 | Lair:6   | Received a gift from Trog
 14873 | Lair:6   | Reached skill level 19 in Maces & Flails
 14873 | Lair:6   | Reached XP level 14. HP: 133/133 MP: 13/13
 15700 | Lair:7   | Reached skill level 15 in Fighting
 16523 | Lair:7   | Received a gift from Trog
 16906 | Orc:1    | Entered Level 1 of the Orcish Mines
 16913 | Orc:1    | Noticed Maurice
 16927 | Orc:1    | Killed Maurice
 16975 | Orc:1    | Noticed Harold
 16989 | Orc:1    | Killed Harold
 17116 | Orc:1    | Noticed an orc warlord
 17134 | Orc:1    | Killed an orc warlord
 17464 | Orc:1    | Found a burning altar of Makhleb.
 17529 | Orc:2    | Entered Level 2 of the Orcish Mines
 17618 | Orc:2    | Reached skill level 15 in Armour
 17676 | Orc:2    | Noticed Donald
 17689 | Orc:2    | Killed Donald
 17733 | Orc:2    | Noticed Snorg
 17746 | Orc:2    | Killed Snorg
 17746 | Orc:2    | Reached skill level 20 in Maces & Flails
 17794 | Orc:2    | Found a staircase to the Elven Halls.
 17797 | Orc:2    | Received a gift from Trog
 17899 | Orc:2    | Found Vohocapi's Antique Armour Boutique.
 17899 | Orc:2    | Found Eraluuv's Antique Armour Emporium.
 17901 | Orc:2    | Found Ifalesh's Armour Shoppe.
 17910 | Orc:2    | Found Vekk's Antique Armour Shop.
 18166 | Orc:2    | Bought a pair of embroidered gloves for 166 gold pieces
 18180 | Orc:2    | Bought a pair of glowing gloves for 139 gold pieces
 18180 | Orc:2    | Bought a smoking chain mail for 294 gold pieces
 18180 | Orc:2    | Bought a pair of glowing gloves for 139 gold pieces
 18232 | Orc:2    | Identified the +2 chain mail of Negligence {rElec Int+3 Dex+5} (You bought it in a shop on level 2 of the Orcish Mines)
 18369 | Orc:2    | Found Ccwumeo's Commerce Corner.
 18661 | Orc:2    | Bought a +2 chain mail of poison resistance for 240 gold pieces
 18861 | Snake:1  | Entered Level 1 of the Snake Pit
 18997 | Snake:1  | Found Elausegg's Food Emporium.
 19298 | Snake:1  | Found Muovuuc's Armour Shop.
 19303 | Snake:1  | Noticed Kloppie's ghost (journeyman MiBe)
 19304 | Snake:1  | Noticed Agnes
 19326 | Snake:1  | Killed Kloppie's ghost
 19334 | Snake:1  | Demolished by Agnes

Skill      XL: |  1  2  3  4  5  6  7  8  9 10 11 12 13 14 |
---------------+-------------------------------------------+-----
Maces & Flails | 4 5 6 7 9 11 13 15 17 19 20 | 20.1
Fighting       | 4 5 6 7 8 10 11 12 13 14 15 | 15.9
Armour         | 4 5 7 8 9 10 11 12 14 15 | 15.3
Shields        | 2 4 |  4.0
Dodging        | 3 |  3.1

Action                   |  1- 3 |  4- 6 |  7- 9 | 10-12 | 13-15 || total
-------------------------+-------+-------+-------+-------+-------++-------
Melee: Mace              |    76 |     6 |       |       |       ||    82
       Headbutt          |    14 |    22 |    45 |   169 |   189 ||   439
       Morningstar       |       |    89 |    76 |       |       ||   165
       Dire flail        |       |       |   172 |    74 |       ||   246
       Eveningstar       |       |       |       |   359 |       ||   359
       Great mace        |       |       |       |   431 |   780 ||  1211
Invok: Berserk           |     1 |     2 |     4 |     5 |     9 ||    21
       Trog's Hand       |       |       |     1 |     3 |     6 ||    10
       Brothers in Arms  |       |       |       |       |     6 ||     6
  Use: Scroll            |       |     9 |     8 |    12 |     4 ||    33
  Eat: Chunk             |     1 |     5 |    14 |    27 |    27 ||    74
       Royal jelly       |       |     1 |       |       |     2 ||     3
       Beef jerky        |       |       |       |     2 |     1 ||     3
       Meat ration       |       |       |       |     1 |     2 ||     3
Armor: Ring mail         |    27 |    21 |       |       |       ||    48
       Chain mail        |       |     1 |     5 |       |   129 ||   135
       Plate armour      |       |       |   148 |   216 |       ||   364
       Scale mail        |       |       |       |   305 |   453 ||   758
Dodge: Dodged            |    37 |    34 |    65 |   373 |   395 ||   904
Block: Buckler           |       |       |       |    69 |       ||    69
